 Dungeon Crawl Stone Soup version 0.32-a0-361-g289a535 (webtiles) character file.

Game seed: 10833810869724567326

1218 Nithhogg the Trooper (level 8, -14/71 HPs)
             Began as a Mountain Dwarf Fighter on Feb 18, 2024.
             Was a Follower of Qazlal.
             Demolished by an orc warrior
             ... wielding a +1 scimitar of protection
              (15 damage)
             ... on level 6 of the Dungeon.
             The game lasted 00:08:18 (5649 turns).

Nithhogg the Trooper (Mountain Dwarf Fighter)       Turns: 5649, Time: 00:08:19

Health: -14/71     AC:  7    Str: 21    XL:     8   Next: 22%
Magic:  12/12      EV:  9    Int:  9    God:    Qazlal [*.....]
Gold:   326        SH:  1    Dex:  9    Spells: 7/7 levels left

rFire   . . .        a - +0 war axe (heavy)
rCold   . . .        (no shield)
rNeg    . . .        b - +0 scale mail
rPois   .            (no helmet)
rElec   .            m - scarf {shadows}
rCorr   .            (no gloves)
SInv    .            (no boots)
Will    .....        (no amulet) Stlth
                     (no ring)
HPRegen 0.31/turn    (no ring)
MPRegen 0.13/turn

%: no passive effects
@: mighty
A: runic magic, artefact enchanting
a: Renounce Religion


You were on level 6 of the Dungeon.
You worshipped Qazlal.
Qazlal was aware of your devotion.
You visited 1 branch of the dungeon, and saw 6 of its levels.

You collected 326 gold pieces.

Inventory:

Hand Weapons
 a - a +0 heavy war axe (weapon)
 i - a +2 dagger of electrocution
 l - the +2 sling "Ratyik" {drain, Int+5 Dex+4}
   (You found it on level 2 of the Dungeon)

   Int+5:     It affects your intelligence (+5).
   Dex+4:     It affects your dexterity (+4).
 o - a +1 mace of protection
Armour
 b - a +0 scale mail (worn)
 c - a +0 buckler
 m - a scarf of shadows (worn)
Wands
 q - a wand of polymorph (7)
 s - a wand of flame (15)
Scrolls
 h - a scroll of brand weapon
 k - a scroll of enchant armour
 p - a scroll of teleportation
 r - 2 scrolls of vulnerability
Potions
 d - a potion of might
 e - a potion of enlightenment
 g - a potion of curing
 n - a potion of mutation
 t - a potion of degeneration
 u - a potion of attraction
 v - a potion of resistance {unknown}


   Skills:
 + Level 6.3 Fighting
 + Level 6.3 Axes
 + Level 6.3 Armour
 - Level 3.2 Shields
 + Level 6.1 Invocations


You had 7 spell levels left.
You didn't know any spells.
Your spell library contained the following spells:

 Spells                   Type           Power      Damage    Failure   Level
 Freeze                   Ice            0%         1d3       45%         1
 Kiss of Death            Conj/Necr      0%         2d5       45%         1
 Mercury Vapours          Alch/Air       0%         N/A       58%         2
 Sublimation of Blood     Necr           0%         N/A       58%         2
 Frozen Ramparts          Ice            0%         1d1       83%         3
 Hailstorm                Conj/Ice       0%         3d5       83%         3
 Summon Ice Beast         Ice/Summ       0%         N/A       83%         3
 Sculpt Simulacrum        Ice/Alch       0%         N/A       100%        6


Dungeon Overview and Level Annotations

Branches:
Dungeon (6/15)             Temple (0/1) D:4

Altars:
Ashenzari
Dithmenos
Gozag
Qazlal
Trog
Uskayaw
Yredelemnul
Zin

Shops:
D:3 [

Annotations:
D:6 Sigmund


Innate Abilities, Weirdness & Mutations

Your spellcasting is much less encumbered by armour.
You can use scrolls of enchantment on lesser artefacts.


Message History

You closely miss the orc warrior.
The orc warrior hits you with a +1 scimitar of protection! x2
You closely miss the orc warrior.
The orc warrior hits you with a +1 scimitar of protection!
You block the orc warrior's attack.
You slash the orc warrior!
The orc warrior is moderately wounded.
The orc warrior barely misses you.
An orc comes into view. It is wielding a +0 trident.
You closely miss the orc warrior.
The orc warrior is moderately wounded.
The orc shouts!
The orc warrior barely misses you.
You slash the orc warrior!
The orc warrior is severely wounded.
The orc hits you from afar with a +0 trident.
The orc warrior hits you with a +1 scimitar of protection!
The orc warrior hits you with a +1 scimitar of protection.
* * * LOW HITPOINT WARNING * * *
The orc hits you from afar with a +0 trident.
* * * LOW HITPOINT WARNING * * *
You feel better. The orc warrior barely misses you.
The orc hits you but does no damage.
You feel very mighty all of a sudden.
The orc warrior hits you with a +1 scimitar of protection!
* * * LOW HITPOINT WARNING * * *
The orc hits you but does no damage.
Okay, then.
You hit the orc warrior.
The orc warrior is severely wounded.
The orc completely misses you.
The orc warrior hits you with a +1 scimitar of protection.
* * * LOW HITPOINT WARNING * * *
You block the orc warrior's attack. The orc hits you but does no damage.
You barely miss the orc warrior.
The orc warrior is severely wounded.
The orc hits you from afar with a +0 trident!
* * * LOW HITPOINT WARNING * * *
The orc warrior hits you with a +1 scimitar of protection!
You die...

##.>.###.........# ..
....# #.#.####### #.#
#.#.###.#.# . #.#
###.#.....#.# # #.#
##...........#######
### #.#
..###.#.##.....@...
..####.# #o
#............##
.......#
#####)###.####(#####.#
..####.#
#....o@........# #.#
##.....#
#.#####.#####..# #.#
##.###.# #.# . ..# #
.# #.# #.# ### #.# #.#
#(# ##.###.####.###
#.# ...............
..# ........###.###
#.# ##.####.#


You could see an orc warrior and an orc.

Vanquished Creatures
  An acid dragon (D:5)
  An ice beast (D:5)
  A black bear (D:6)
  A sky beast (D:6)
  A centaur (D:5)
  A phantom (D:3)
  Blork the orc (D:5)
  A scorpion (D:4)
  2 jellies
  2 hounds
  3 iguanas (D:5)
  Ijyb (D:5)
  3 orc wizards
  4 gnolls
  5 adders
  A white imp (D:4)
  2 dart slugs
  3 ribbon worms
  11 orcs
  7 endoplasms
  5 giant cockroaches
  6 goblins
  5 hobgoblins
  2 jackals (D:5)
  3 quokkas
  5 ball pythons
  7 bats
  3 frilled lizards
  9 kobolds
  7 rats
104 creatures vanquished.

Notes
Turn   | Place    | Note
-------+----------+-------------------------------------------
     0 | D:1      | Nithhogg the Mountain Dwarf Fighter began the quest for the
                  | Orb.
     0 | D:1      | Reached XP level 1. HP: 19/19 MP: 1/1
    95 | D:1      | Reached skill level 1 in Invocations
    95 | D:1      | Reached XP level 2. HP: 19/26 MP: 2/2
   198 | D:1      | Found a faded altar of an unknown god.
   379 | D:1      | Reached XP level 3. HP: 31/33 MP: 4/4
   948 | D:2      | Identified the +2 sling "Ratyik" {drain, Int+5 Dex+4}
  1184 | D:2      | Reached XP level 4. HP: 35/40 MP: 5/5
  1244 | D:2      | Found a bloodstained altar of Trog.
  2044 | D:3      | Reached XP level 5. HP: 45/46 MP: 7/7
  2090 | D:3      | Found a basalt altar of Yredelemnul.
  2128 | D:3      | Found Zeopaz's Armour Emporium.
  2267 | D:3      | Found a broken altar of Ashenzari.
  2398 | D:3      | Found a shadowy altar of Dithmenos.
  2462 | D:3      | Found a hide-covered altar of Uskayaw.
  2643 | D:3      | Found an opulent altar of Gozag.
  2644 | D:3      | Found a stormy altar of Qazlal.
  2644 | D:3      | Noticed a phantom
  2691 | D:3      | Found a transporter.
  2703 | D:3      | Found a transporter.
  2724 | D:3      | Became a worshipper of Qazlal Stormbringer
  2733 | D:3      | Killed a phantom
  2734 | D:3      | Reached XP level 6. HP: 42/55 MP: 8/8
  2862 | D:4      | Found a staircase to the Ecumenical Temple.
  3065 | D:4      | Reached skill level 5 in Fighting
  3168 | D:4      | Reached skill level 5 in Armour
  4119 | D:5      | Entered Level 5 of the Dungeon
  4131 | D:5      | Noticed Ijyb
  4135 | D:5      | Killed Ijyb
  4185 | D:5      | Reached skill level 5 in Axes
  4228 | D:5      | Reached XP level 7. HP: 61/61 MP: 10/10
  4438 | D:5      | Noticed Blork the orc
  4444 | D:5      | Killed Blork the orc
  4445 | D:5      | Reached skill level 5 in Invocations
  4639 | D:5      | Found a glowing silver altar of Zin.
  4859 | D:5      | Reached * piety under Qazlal
  5186 | D:6      | Got the Tome of Spooky Secrets and Feathers
  5194 | D:6      | Noticed Sigmund
  5246 | D:6      | Reached XP level 8. HP: 25/70 MP: 12/12
  5649 | D:6      | HP: 1/71 [orc/+0 trident (7)]
  5649 | D:6      | Demolished by an orc warrior

Illustrated notes

Levels and vault maps discovered:
D:1:      onia_arrival_mini_spirals, layout_loops_corners,
          ebering_ecumenical_altar_abandoned
D:2:      layout_basic, basic_altar
D:3:      layout_loops_ring, gammafunk_temple_overflow_arena,
          general_overflow_altar, mainiacjoe_overflow_small_starburst,
          mainiacjoe_overflow_alcove_4, lemuel_doored_altar, serial_shops, shop
D:4:      layout_basic, minmay_temple_entry_trees
D:5:      layout_loops_ring, mainiacjoe_overflow_surrounded_room,
          uniq_blork_the_orc, uniq_ijyb
D:6:      black_bear_nest_2, layout_loops_ring, mainiacjoe_overflow_brackets,
          uniq_sigmund

Skill      XL: |  1  2  3  4  5  6  7  8 |
---------------+-------------------------+-----
Invocations    | 1 2 3 4 5 6 |  6.1
Axes           | 3 4 5 6 |  6.3
Fighting       | 4 5 6 |  6.3
Armour         | 4 5 6 |  6.3
Shields        | |  3.2

Action                     |  1- 3 |  4- 6 |  7- 9 || total
---------------------------+-------+-------+-------++-------
  Melee: War axe           |    84 |   146 |    54 ||   284
    Use: Scroll            |       |     5 |     7 ||    12
         Potion            |       |     2 |     3 ||     5
   Stab: Invisible         |       |     4 |       ||     4
 Armour: Scale mail        |    67 |   178 |   133 ||   378
  Dodge: Dodged            |    60 |    96 |    53 ||   209
  Block: Other             |       |       |     3 ||     3

Table legend: (Time is in decaauts)
 A = Elapsed time spent in this place.
 B = Non-inter-level travel time spent in this place.
 C = Inter-level travel time spent in this place.
 D = Time resting spent in this place.
 E = Time spent auto-exploring this place.
 F = Levels seen in this place.
 G = Mean time per level.
                   A        B        C        D        E       F      G
               +--------+--------+--------+--------+--------+-----+--------+
         Total |   5845 |   5705 |    140 |    128 |   4650 |   6 |  974.2 |
       Dungeon |   5845 |   5705 |    140 |    128 |   4650 |   6 |  974.2 |
               +--------+--------+--------+--------+--------+-----+--------+

Top non-repeatable levels by time:
     D:4: 1307 daAuts
     D:5: 1125 daAuts
     D:2: 1109 daAuts
     D:1: 937 daAuts
     D:3: 901 daAuts
     D:6: 464 daAuts
